 Dungeon Crawl Stone Soup version 0.29-a0-1047-g7c58e119a4 (webtiles) character file.

Game seed: 2528948469689185199

48 Zonian the Chiller (level 3, -1/16 HPs)
             Began as a Vine Stalker Ice Elementalist on Aug 17, 2022.
             Slain by Sigmund
             ... wielding a +0 scythe
              (6 damage)
             ... on level 2 of the Dungeon.
             The game lasted 00:02:35 (1823 turns).

Zonian the Chiller (Vine Stalker Ice Elementalist)  Turns: 1823, Time: 00:02:35

Health: -1/16      AC:  2    Str: 10    XL:     3   Next: 72%
Magic:  0/8        EV: 12    Int: 17    God:
Gold:   103        SH:  0    Dex: 14    Spells: 6/7 levels left

rFire   . . .      SeeInvis .   f - +0 whip
rCold   . . .      Faith    .   g - orb {*Rage}
rNeg    . . .      Spirit   +   a - +0 robe
rPois   .          Reflect  .   (no helmet)
rElec   .          Harm     .   (no cloak)
rCorr   .          Rampage  .   (no gloves)
Will    .....      Rage     20% (no boots)
Stlth   ++........              (no amulet)
HPRegen 0.05/turn               (no ring)
MPRegen 0.11/turn               (no ring)

@: on berserk cooldown, slowed, very slow
A: fangs 2, magic shield, antimagic bite, no potion heal 2
a: no special abilities


You were on level 2 of the Dungeon.
You visited 1 branch of the dungeon, and saw 2 of its levels.

You collected 103 gold pieces.

Inventory:

Hand Weapons
 f - a +0 whip (weapon)
Armour
 a - a +0 robe (worn)
 g - an orb of wrath (worn)
Scrolls
 c - a scroll of identify {unknown}
 e - 2 scrolls of teleportation {unknown}
 j - a scroll of fear {unknown}
Potions
 b - a potion of magic
 d - 2 potions of curing {unknown}
 h - a potion of might {unknown}
 i - a potion of degeneration {unknown}


   Skills:
 + Level 2.1 Dodging
 + Level 3.2 Stealth
 + Level 2.8 Spellcasting
 + Level 4.3 Ice Magic


You had 6 spell levels left.
You knew the following spells:

 Your Spells              Type           Power      Damage    Failure   Level
a - Freeze                Ice            68%        1d8       3%          1

Your spell library contained the following spells:

 Spells                   Type           Power      Damage    Failure   Level
 Frozen Ramparts          Ice            34%        1d6       9%          3
 Ozocubu's Armour         Ice            17%        N/A       9%          3
 Hailstorm                Conj/Ice       9%         3d4       58%         4


Dungeon Overview and Level Annotations

Branches:
Dungeon (2/15)

Altars:

Annotations:
D:2 Sigmund


Innate Abilities, Weirdness & Mutations

You have extremely sharp teeth.
When hurt, damage is shared between your health and your magic reserves.
Your bite disrupts and absorbs the magic of your enemies.
Potions cannot restore your health.


Message History

You kill the goblin!
Sigmund screams, "Die, monster!"
Unknown command.
Things that are here:
a +0 dagger; a +0 robe; a black potion You feel a strong urge to attack something.
An orc comes into view. It is wielding a +0 mace.
The orc shouts!
A hobgoblin comes into view.
Sigmund hits you from afar with a +0 scythe.
You feel your anger nearly subside.
You are no longer berserk.
You are exhausted.
You feel yourself slow down.
You hit Sigmund but do no damage. Your bite misses Sigmund.
Sigmund barely misses you.
You hit Sigmund but do no damage.
Sigmund breathes a few words.
Sigmund's hands start flickering wildly.
Sigmund barely misses you. The orc hits you with a +0 mace.
You hit Sigmund. Your bite misses Sigmund.
Sigmund is lightly wounded.
Sigmund closely misses you. The orc hits you with a +0 mace.
Unknown command.
Okay, then.
You hit Sigmund. You bite Sigmund.
Sigmund's magic leaks into the air.
You drain his magic.
You feel invigorated.
Sigmund is moderately wounded.
Sigmund falters for a moment.
The orc misses you.
The hobgoblin hits you but does no damage.
Sigmund falters for a moment.
The orc hits you with a +0 mace.
You barely miss Sigmund.
Sigmund is moderately wounded.
The orc barely misses you. The hobgoblin barely misses you.
Sigmund hits you but does no damage.
Unknown command.
You hit Sigmund but do no damage.
Sigmund is moderately wounded.
The orc hits you with a +0 mace. The hobgoblin misses you.
Sigmund hits you with a +0 scythe!
You die...

########.. .... ....#
#.† .... ...#
########.. ..... ...#
.......... ..... #..
.......... ...... #.#
..........
.....##'############...
#.o......# #...
#.@@..)..# #...
#.g......########...
+................##.
#................##.
########.........##.
#.........##.
#.........# .
#.........# ###########


You could see Sigmund (magic disrupted), an orc and a hobgoblin.

Vanquished Creatures
  An adder (D:2)
  3 dart slugs
  2 endoplasms
  2 giant cockroaches (D:1)
  2 goblins (D:2)
  4 hobgoblins
  A kobold (D:1)
  A quokka (D:1)
  A ball python (D:1)
  3 bats
  3 frilled lizards (D:1)
  11 rats
34 creatures vanquished.

Notes
Turn   | Place    | Note
-------+----------+-------------------------------------------
     0 | D:1      | Zonian the Vine Stalker Ice Elementalist began the quest
                  | for the Orb.
     0 | D:1      | Reached XP level 1. HP: 9/9 MP: 4/4
   287 | D:1      | Reached XP level 2. HP: 12/13 MP: 3/6
  1227 | D:1      | Found a faded altar of an unknown god.
  1240 | D:1      | Reached XP level 3. HP: 16/16 MP: 7/7
  1812 | D:2      | Noticed Sigmund
  1823 | D:2      | Slain by Sigmund

Illustrated notes

Levels and vault maps discovered:
D:1:      roderic_octagonal_star, layout_basic,
          ebering_ecumenical_altar_sacrificial, serial_bayou_pond_e,
          minmay_rat_gold_closets
D:2:      layout_basic, basic_altar, uniq_sigmund, uniq_robin

Skill      XL: |  1  2  3 |
---------------+----------+-----
Stealth        | 3 |  3.2
Dodging        | 2 |  2.1
Spellcasting   | |  2.8
Ice Magic      | |  4.3

Action                   || total
-------------------------++-------
Melee: Unarmed           ||     3
       Whip              ||    31
       Bite              ||     5
 Cast: Freeze            ||    34
 Stab: Sleeping          ||     5
Armor: Robe              ||     9
Dodge: Dodged            ||    36

Table legend: (Time is in decaauts)
 A = Elapsed time spent in this place.
 B = Non-inter-level travel time spent in this place.
 C = Inter-level travel time spent in this place.
 D = Time resting spent in this place.
 E = Time spent auto-exploring this place.
 F = Levels seen in this place.
 G = Mean time per level.
                   A        B        C        D        E       F      G
               +--------+--------+--------+--------+--------+-----+--------+
         Total |   1851 |   1847 |      4 |    536 |   1012 |   2 |  925.5 |
       Dungeon |   1851 |   1847 |      4 |    536 |   1012 |   2 |  925.5 |
               +--------+--------+--------+--------+--------+-----+--------+

Top non-repeatable levels by time:
     D:1: 1593 daAuts
     D:2: 258 daAuts
